AoeStats
← Zumoshi

Arabia

508653190Analyzed
1v1 RM · 10d ago on Sep 23, 2026· 28m 2s· 2 players
Game mode
Random Map
Map size
Tiny (2 player)
Population
200
Speed
Normal
Resources
Standard
Victory
Conquest
Starting age
Dark Age
Ending age
Imperial Age
RankedLock teamsTeams togetherTeam positionsShared explorationLock speedFull tech treeHidden civsTurbo modeCheats
Victory
Defeat
🇨🇴 Jurchens · Colombia
1182
+17
🇮🇱 Khitans · Israel
1208
-17
Maxpower1312
6:04 Loom
6:33 Loom
6:42 Loom
9:45 Feudal Age
10:39 Double-Bit Axe
10:46 Horse Collar
15:02 Wheelbarrow
15:29 Forging
21:35 Castle Age
20:17 Scale Barding Armor
20:23 Gold Mining
22:48 Fletching
23:47 Bloodlines
24:11 Padded Archer Armor
25:09 Bodkin Arrow
26:07 Leather Archer Armor
26:25 Husbandry
26:49 Ballistics
26:44 Light Cavalry
Zumoshi
7:38 Loom
9:48 Feudal Age
10:34 Double-Bit Axe
12:21 Forging
14:32 Scale Barding Armor
22:18 Castle Age
22:31 Domestication
25:07 Fletching
26:45 Bodkin Arrow
27:13 Padded Archer Armor
Connection lost

Rejoining the realm…

Still unreachable

The connection could not be restored.

Session expired

The server has moved on; the page needs a fresh start.